 Dungeon Crawl Stone Soup version 0.26.1-2-gb8aa6d0 (webtiles) character file.

Game seed: 7795466104847461803

12933 Nithhogg the Prestidigitator (level 11, -2/100 HPs)
             Began as a Deep Dwarf Fighter on Apr 1, 2021.
             Was a Priest of the Shining One.
             Succumbed to a cane toad's poison
             ... on level 1 of the Lair of Beasts.
             The game lasted 00:34:06 (10256 turns).

Nithhogg the Prestidigitator (Deep Dwarf Fighter)  Turns: 10256, Time: 00:34:07

Health: -2/100     AC: 18    Str: 24    XL:     11   Next: 68%
Magic:  0/0        EV: 16    Int: 14    God:    the Shining One [***...]
Gold:   548        SH:  5    Dex: 14    Spells: 10/10 levels left

rFire    . . .     SeeInvis +   j - +2 flail (protect)
rCold    . . .     Faith    .   (no shield)
rNeg     + . .     Spirit   .   y - +3 ring mail "Tuvoqyini" {Dex+2}
rPois    .         Reflect  +   (no helmet)
rElec    .         Harm     .   (no cloak)
rCorr    .         Rampage  .   r - +0 pair of gloves
Will     +....                  (no boots)
Stlth    +.........             C - amulet of reflection
HPRegen  0.00/turn              L - +6 ring of intelligence
MPRegen  0.07/turn              s - ring of see invisible

@: lethally poisoned (-2 -> -24), protection aura, non-regenerating, glowing
A: damage resistance, heal wounds, sense surroundings 2, no regeneration
a: Heal Wounds, Renounce Religion, Divine Shield


You were on level 1 of the Lair of Beasts.
You worshipped the Shining One.
The Shining One was most pleased with you.
You visited 3 branches of the dungeon, and saw 13 of its levels.

You collected 603 gold pieces.
You donated 55 gold pieces to Zin.

Inventory:

Hand Weapons
 a - a +0 war axe
 j - a +2 flail of protection (weapon)
 z - a +2 hand axe of protection
Armour
 b - a +1 scale mail
 c - a +0 kite shield
 l - a +0 scale mail
 r - a +0 pair of gloves (worn)
 y - the +3 ring mail "Tuvoqyini" (worn) {Dex+2}
   (You found it on level 9 of the Dungeon)

   It affects your dexterity (+2).
 H - +0 steam dragon scales
Jewellery
 h - an uncursed ring of teleportation
 p - a +6 ring of intelligence
 s - a ring of see invisible (right hand)
 t - a +6 ring of intelligence
 A - an uncursed amulet of guardian spirit
 C - an amulet of reflection (around neck)
 I - an uncursed amulet of magic regeneration
 J - an uncursed amulet of regeneration
 K - an uncursed ring of flight
 L - a +6 ring of intelligence (left hand)
Wands
 m - a wand of random effects (23)
 x - a wand of paralysis (8)
 E - a wand of iceblast (12)
 R - a wand of disintegration (18)
Scrolls
 f - 5 scrolls of remove curse
 o - a scroll of holy word {unknown}
 q - 3 scrolls of teleportation
 v - a scroll of amnesia
 w - 2 scrolls of immolation
 B - 3 scrolls of blinking
 D - 8 scrolls of identify
 F - a scroll of fear
 G - a scroll of magic mapping
 M - a scroll of enchant weapon
 Q - a scroll of fog
Potions
 d - a potion of might
 e - 6 potions of lignification
 g - 3 potions of curing
 i - a potion of attraction
 k - 3 potions of magic
 n - a potion of berserk rage
Miscellaneous
 N - a phantom mirror
 O - a lightning rod (4/4)


   Skills:
 + Level 7.3 Fighting
 - Level 6.7(9.1) Axes
 * Level 8.6(9.5) Maces & Flails
 + Level 8.8 Armour
 + Level 7.8 Dodging
 - Level 3.2 Shields
 + Level 7.9 Invocations
 + Level 9.4 Evocations


You had 10 spell levels left.
You didn't know any spells.
Your spell library contained the following spells:

 Spells                   Type           Power        Failure   Level
 Magic Dart               Conj           0%           38%         1
 Shock                    Conj/Air       0%           38%         1
 Blink                    Tloc           N/A          54%         2
 Call Imp                 Summ           0%           54%         2
 Searing Ray              Conj           0%           54%         2
 Slow                     Hex            0%           54%         2
 Swiftness                Air            0%           54%         2
 Conjure Flame            Conj/Fire      0%           77%         3
 Dazzling Flash           Conj/Hex       0%           77%         3
 Mephitic Cloud           Conj/Pois/Air  0%           77%         3
 Static Discharge         Conj/Air       0%           77%         3
 Airstrike                Air            0%           99%         4
 Fulminant Prism          Conj/Hex       0%           99%         4
 Iskenderun's Mystic Bla  Conj/Tloc      0%           99%         4
 Lightning Bolt           Conj/Air       0%           100%        5


Dungeon Overview and Level Annotations

Branches:
Dungeon (11/15)            Temple (1/1) D:4            Lair (1/6) D:8
    Orc (0/2) D:9

Altars:
Ashenzari
Cheibriados
Dithmenos
Elyvilon
Fedhas
Gozag
Hepliaklqana
Kikubaaqudgha
Makhleb
Nemelex Xobeh
Okawaru
Qazlal
Ru
Sif Muna
Trog
Uskayaw
Vehumet
Wu Jian
Xom
Yredelemnul
Zin
The Shining One

Shops:
D:5 [(!*   D:6 *

Annotations:
D:5 dark maul in north east shop
D:9 3 runed translucent doors, Kave's ghost, novice TrTm
Lair:1 exclusion: oklob plant


Innate Abilities, Weirdness & Mutations

You are resistant to damage.
You can heal yourself by infusing magical energy.
You passively map the area around you.
You do not regenerate.


Message History

Aim: a cane toad (heavily wounded, haloed, 15% to evade)
The puff of flame hits the cane toad but does no damage.
The cane toad is heavily wounded.
The now-empty wand crumbles to dust.
The cane toad stings you.
* * * LOW HITPOINT WARNING * * *
You are poisoned.
The cane toad poisons you!
You sock the cane toad!
Your weapon exudes an aura of protection.
The cane toad is severely wounded.
The cane toad misses you.
You hit the cane toad but do no damage.
The cane toad is severely wounded.
The cane toad stings you.
You are lethally poisoned!
The cane toad poisons you!
You sock the cane toad!
The cane toad is almost dead.
You die...

............(..###.........# ♣
...P........##.............######
...#........######..<...........#
....#.##......#.##...#####.#.....
....#####........##.#......##....
....####...##................#...
#...............####.......#.....
............##..##.....######.##.
..>###......#.#.@#...##...# #####
... ####.......F....#....# ###
###* #.......###.......###.##
#P......####...#.......#
##.............#...##..##
######.###.............. #..
#P#........#### #... ###....#...#
##PP ##########


You could see a cane toad.

Vanquished Creatures
  A hydra (D:9)
  2 two-headed ogres
  An unseen horror (D:11)
  A cyclops (D:9)
  A gargoyle (D:9)
  A cane toad (Lair:1)
  Maggie (D:8)
  Sigmund (D:3)
  4 yaks (D:8)
  5 wyverns
  Grum (D:9)
  A basilisk (D:8)
  Edmund (D:4)
  A soldier ant (D:11)
  4 water moccasins
  4 sky beasts
  2 orc warriors (D:9)
  An ice beast (D:8)
  A hornet zombie (D:9)
  6 ogres
  2 black bears (D:8)
  A phantom (D:9)
  2 necrophages
  3 centaurs
  2 wolves (D:9)
  6 bullfrogs
  3 scorpions
  20 wights
  6 killer bees
  3 howler monkeys
  3 vampire bats (D:3)
  A bullfrog zombie (D:6)
  A quasit (D:7)
  A centaur zombie (D:5)
  8 orc priests
  A wyvern simulacrum (D:9)
  8 hounds
  5 jellies
  16 orc wizards
  3 centaur skeletons
  A bullfrog skeleton (D:8)
  Terence (D:2)
  4 iguanas
  8 worker ants
  A killer bee zombie (D:5)
  2 hound skeletons
  2 worker ant zombies
  2 howler monkey zombies
  8 gnolls
  15 adders
  2 shadow imps
  5 white imps
  An ufetubus (D:9)
  An ooze (D:4)
  2 adder zombies
  2 worms
  5 leopard geckos
  38 orcs
  5 bats
  3 bat skeletons (D:3)
  4 bat zombies (D:3)
  7 giant cockroaches
  6 goblins
  6 hobgoblins
  8 jackals
  6 kobolds
  8 quokkas
  4 frilled lizards
  A leopard gecko skeleton (D:8)
  5 rats
298 creatures vanquished.

Vanquished Creatures (others)
  Harold (D:8)
  5 fungi (D:8)
  27 plants
33 creatures vanquished.

Grand Total: 331 creatures vanquished

Notes
Turn   | Place    | Note
-------+----------+-------------------------------------------
     0 | D:1      | Nithhogg the Deep Dwarf Fighter began the quest for the
                  | Orb.
     0 | D:1      | Reached XP level 1. HP: 20/20 MP: 1/1
    88 | D:1      | Reached XP level 2. HP: 18/27 MP: 2/2
   514 | D:1      | Reached skill level 1 in Dodging
   968 | D:2      | Reached XP level 3. HP: 34/34 MP: 2/2
  1078 | D:2      | Noticed Terence
  1094 | D:2      | Killed Terence
  1202 | D:2      | Reached XP level 4. HP: 19/42 MP: 3/3
  1280 | D:2      | Reached skill level 1 in Evocations
  1303 | D:2      | Found a snail-covered altar of Cheibriados.
  1609 | D:3      | Noticed Sigmund
  1615 | D:3      | You fall into a shaft and drop 1 floor!
  1644 | D:4      | Reached XP level 5. HP: 47/49 MP: 4/4
  1671 | D:4      | Found a blossoming altar of Fedhas.
  1697 | D:4      | Found a stormy altar of Qazlal.
  1718 | D:4      | Reached skill level 2 in Evocations
  1791 | D:4      | Found a staircase to the Ecumenical Temple.
  1808 | Temple   | Entered the Ecumenical Temple
  1865 | Temple   | Became a worshipper of Zin the Law-Giver
  1865 | Temple   | Reached * piety under Zin
  1900 | D:4      | Reached XP level 6. HP: 39/56 MP: 5/5
  2510 | D:3      | Killed Sigmund
  2511 | D:3      | Reached skill level 5 in Axes
  2511 | D:3      | Reached skill level 3 in Evocations
  2626 | D:3      | Found an ancient bone altar of Kikubaaqudgha.
  2640 | D:3      | Reached XP level 7. HP: 49/63 MP: 5/5
  2952 | D:4      | Reached skill level 5 in Armour
  2953 | D:4      | Noticed Edmund
  2998 | D:4      | Killed Edmund
  2999 | D:4      | Reached skill level 4 in Evocations
  3213 | D:4      | Found a glowing golden altar of the Shining One.
  3445 | D:5      | Entered Level 5 of the Dungeon
  3493 | D:5      | Found Nyump's Armour Boutique.
  3499 | D:5      | Reached XP level 8. HP: 41/73 MP: 6/6
  3605 | D:5      | Reached ** piety under Zin
  3653 | D:5      | Found a hide-covered altar of Uskayaw.
  3925 | D:5      | Found a sacrificial altar of Ru.
  3966 | D:5      | Found Nekkias's Distillery.
  4094 | D:5      | Found Diaskupn's Weapon Shop.
  4134 | D:5      | Found Zuimnong's General Store.
  4342 | D:5      | Reached skill level 1 in Maces & Flails
  4352 | D:5      | Reached skill level 1 in Invocations
  4381 | D:5      | Reached skill level 5 in Evocations
  4484 | D:6      | Reached skill level 5 in Fighting
  4544 | D:6      | Reached *** piety under Zin
  4707 | D:6      | Found an opulent altar of Gozag.
  4711 | D:6      | Found Gozag's Platinum Reserve.
  4884 | D:6      | Gained mutation: You passively map the area around you.
                  | [Deep Dwarf growth]
  4884 | D:6      | Reached XP level 9. HP: 53/81 MP: 4/6
  4969 | D:6      | Found an ornate altar of the Wu Jian Council.
  5241 | D:6      | Reached **** piety under Zin
  5516 | D:7      | Reached skill level 5 in Dodging
  5622 | D:7      | Reached skill level 6 in Evocations
  6153 | D:8      | Noticed a two-headed ogre
  6156 | D:8      | Reached ***** piety under Zin
  6181 | D:7      | Killed a two-headed ogre
  6182 | D:7      | Reached skill level 5 in Maces & Flails
  6449 | D:8      | HP: 2/82 [wyvern (3)]
  6453 | D:8      | Zin protects you from harm!
  6466 | D:7      | Reached skill level 7 in Evocations
  6466 | D:7      | Reached XP level 10. HP: 32/91 MP: 5/5
  6528 | D:8      | Reached skill level 5 in Invocations
  6641 | D:8      | Found a staircase to the Lair.
  6952 | D:8      | Noticed Maggie
  6973 | D:8      | Killed Maggie
  7091 | D:8      | Noticed Harold
  7110 | D:8      | Killed Harold
  7111 | D:8      | Reached skill level 8 in Evocations
  7767 | D:9      | Found a runed translucent gate.
  7769 | D:9      | Found a runed translucent gate.
  7770 | D:9      | Found a runed translucent gate.
  7775 | D:9      | Noticed Kave's ghost (novice TrTm)
  7978 | D:9      | Noticed Grum
  7983 | D:9      | Killed Grum
  7984 | D:9      | Reached XP level 11. HP: 29/99 MP: 1/3
  8025 | D:9      | Found a staircase to the Orcish Mines.
  8188 | D:9      | Found a large runed translucent door.
  8189 | D:9      | Found a large runed translucent door.
  8227 | D:9      | Found an opulent altar of Gozag.
  8227 | D:9      | Noticed a four-headed hydra
  8239 | D:9      | Killed a four-headed hydra
  8243 | D:9      | Found an ancient bone altar of Kikubaaqudgha.
  8303 | D:9      | Got a distressingly furry ring mail
  8332 | D:9      | Identified the +3 ring mail "Tuvoqyini" {Dex+2} (You found
                  | it on level 9 of the Dungeon)
  8715 | D:9      | Found a glowing golden altar of the Shining One.
  8776 | D:9      | Fell from the grace of Zin
  8776 | D:9      | Became a worshipper of the Shining One
  8776 | D:9      | Reached * piety under the Shining One
  8776 | D:9      | Reached ** piety under the Shining One
  9112 | D:10     | Entered Level 10 of the Dungeon
  9124 | D:10     | Reached *** piety under the Shining One
  9342 | D:10     | Reached skill level 9 in Evocations
  9866 | D:11     | Noticed an unseen horror
  9873 | D:11     | Killed an unseen horror
  9898 | D:11     | Noticed a two-headed ogre
  9939 | D:10     | Killed a two-headed ogre
 10075 | Lair:1   | Entered Level 1 of the Lair of Beasts
 10142 | Lair:1   | HP: 2/100 [water moccasin (4)]
 10241 | Lair:1   | Noticed an oklob plant
 10253 | Lair:1   | HP: 1/100 [cane toad (1)]
 10256 | Lair:1   | Succumbed to a cane toad's poison

Illustrated notes

Levels and vault maps discovered:
D:1:      wander_arrival_lonely_grave, layout_basic
D:2:      layout_rooms, nicolae_overflow_crystal_walls, uniq_terence
D:3:      layout_loops_corners, kennysheep_vampire_church, dk_vineyard_3,
          uniq_sigmund
D:4:      layout_rooms, lemuel_crystal_altar, nicolae_tso_swordbearing_angel,
          fedhas_altar_1, minmay_temple_entry_gardened_gates, serial_forest,
          infiniplex_forest_straight_4, infiniplex_forest_lined_3,
          infiniplex_forest_lined_3_way, infiniplex_forest_straight_3,
          infiniplex_forest_clump_curved, infiniplex_forest_lined_corner,
          infiniplex_forest_straight_2, infiniplex_forest_clump_curved,
          uniq_edmund
D:5:      minmay_chambers_of_threes, layout_basic,
          nicolae_ru_sacrificial_ziggurat, lemuel_coloured_pillars_altar,
          serial_shops, nicolae_shop_behind_doors, nicolae_shop_behind_doors,
          shop, nicolae_shop_crystal, minmay_misc_feat_five,
          hangedman_decor_slide_cut, nrook_uturn
D:6:      layout_basic, lemuel_doored_altar, nicolae_gozag_zags_fifth_avenue
D:7:      layout_basic
D:8:      layout_loops_corners, minmay_lair_entry_grove, minmay_bent,
          uniq_maggie, uniq_harold
D:9:      layout_gridville, david_orc_3, gammafunk_ghost_spectres, basic_altar,
          jmf_multi_god_temple2, uniq_grum
D:10:     layout_cave_pods
D:11:     layout_rooms
Temple:   nicolae_temple_god_jail
Lair:1:   gammafunk_lair_enchanted_lake, layout_misc_corridors,
          gauntlet_entry_generic, minmay_lair_oklob_chamber

Skill      XL: |  1  2  3  4  5  6  7  8  9 10 11 |
---------------+----------------------------------+-----
Dodging        | 1 2 3 4 6 7 |  7.8
Fighting       | 3 4 5 6 7 |  7.3
Axes           | 3 4 5 6 |  6.7
Evocations     | 1 2 3 4 5 7 8 9 |  9.4
Armour         | 4 5 6 7 8 |  8.8
Maces & Flails | 3 5 7 8 |  8.6
Invocations    | 2 4 6 7 |  7.9
Shields        | |  3.2

Action                   |  1- 3 |  4- 6 |  7- 9 | 10-12 || total
-------------------------+-------+-------+-------+-------++-------
Melee: War axe           |    71 |   179 |       |       ||   250
       Hand axe          |       |    16 |   478 |    65 ||   559
       Flail             |       |       |       |   582 ||   582
Invok: Recite            |       |       |       |     4 ||     4
 Abil: Heal Wounds       |     1 |     3 |    18 |    24 ||    46
Evoke: Wand              |     4 |     8 |     5 |    32 ||    49
  Use: Scroll            |       |     3 |    10 |     5 ||    18
       Potion            |       |     2 |    11 |     3 ||    16
 Stab: Paralysed         |       |       |       |     3 ||     3
       Confused          |       |       |       |     2 ||     2
       Invisible         |       |       |       |     3 ||     3
Armor: Scale mail        |    35 |   109 |   161 |   165 ||   470
       Ring mail         |       |       |       |    58 ||    58
Dodge: Dodged            |    55 |   139 |   264 |   481 ||   939
Block: Other             |       |       |    75 |   179 ||   254
       Reflection        |       |       |       |     3 ||     3
